AoeStats
← t-1000

Socotra

506277974Analyzed
4v4 RM · 19d ago on Sep 13, 2026· 39m 28s· 8 players
Game mode
Random Map
Map size
148×148
Population
200
Speed
Normal
Resources
Standard
Victory
Conquest
Starting age
Dark Age
Ending age
Imperial Age
RankedLock teamsTeams togetherTeam positionsShared explorationLock speedFull tech treeHidden civsTurbo modeCheats
Victory
Defeat
🇺🇸 Maya · United States
1267
+15
🇺🇸 Saracens · United States
1245
+15
🇲🇽 Sicilians · Mexico
1239
+32
🇹🇼 Magyars · Taiwan
1178
+18
🇲🇽 Maya · Mexico
1300
-19
🇲🇽 Mongols · Mexico
1296
-18
🇺🇸 Bulgarians · United States
1206
-15
🇺🇸 Teutons · United States
1129
-12
h1kerb0i
9:52 Feudal Age
12:28 Double-Bit Axe
14:27 Loom
14:30 Horse Collar
16:00 Fletching
17:41 Wheelbarrow
22:31 Castle Age
21:30 Padded Archer Armor
21:31 Gold Mining
22:43 Crossbowman
23:30 Thumb Ring
23:23 Bodkin Arrow
23:51 Leather Archer Armor
25:32 Bow Saw
25:16 Town Watch
31:13 Imperial Age
30:06 Stone Mining
32:14 Ballistics
31:18 Arbalester
32:23 Bracer
33:09 Ring Archer Armor
37:29 Chemistry
37:13 Conscription
38:32 Scale Barding Armor
39:08 Hoardings
38:48 Counterweights
Frodo1698
3:37 Loom
9:49 Feudal Age
10:15 Double-Bit Axe
15:22 Horse Collar
16:00 Fletching
25:28 Castle Age
26:43 Bodkin Arrow
29:29 Wheelbarrow
35:09 Imperial Age
33:27 Bow Saw
33:18 Heavy Plow
33:09 Gold Mining
35:50 Gold Shaft Mining
36:52 Chemistry
The Founding Titan
0:27 Loom
椰子
7:40 Loom
10:11 Feudal Age
18:31 Horse Collar
18:38 Double-Bit Axe
21:45 Scale Barding Armor
30:40 Castle Age
31:29 Husbandry
33:28 Bow Saw
34:01 Chain Barding Armor
37:25 Bloodlines
ismail ahmad kanabawi
2:33 Loom
12:34 Feudal Age
14:00 Double-Bit Axe
15:32 Horse Collar
18:19 Fletching
24:07 Castle Age
22:16 Stone Mining
23:44 Gold Mining
25:32 Bodkin Arrow
25:53 Bow Saw
26:08 Heavy Plow
28:50 Ballistics
28:55 Guard Tower
29:21 Town Watch
34:00 Scale Mail Armor
34:11 Forging
35:37 Chain Mail Armor
35:57 Iron Casting
39:02 Masonry
41:27 Imperial Age
GoldiLocks
9:50 Feudal Age
10:51 Double-Bit Axe
11:25 Arson
18:30 Loom
19:50 Wheelbarrow
22:32 Castle Age
21:33 Horse Collar
22:03 Fletching
23:26 Bodkin Arrow
25:14 Bow Saw
27:58 Heavy Plow
32:39 Scale Barding Armor
33:10 Bloodlines
33:36 Gold Mining
34:06 Hand Cart
37:07 Ballistics
37:43 Chain Barding Armor
40:05 Imperial Age
37:52 Light Cavalry
38:33 Husbandry
38:44 Forging
t-1000
0:39 Loom
12:50 Feudal Age
kraken
5:34 Loom
9:27 Feudal Age
12:57 Double-Bit Axe
13:50 Fletching
30:01 Forging
31:11 Scale Mail Armor
Connection lost

Rejoining the realm…

Still unreachable

The connection could not be restored.

Session expired

The server has moved on; the page needs a fresh start.